 Dungeon Crawl Stone Soup version 0.27-a0-1525-g1038ab4fd7 (webtiles) character file.

Game seed: 4923433733883310107

50 Spaninq the Digger (level 3, -3/28 HPs)
             Began as a Ghoul Earth Elementalist on July 10, 2021.
             Was a Follower of Yredelemnul.
             Killed by divine providence
             ... invoked by an orc priest
              (7 damage)
             ... on level 3 of the Dungeon.
             The game lasted 00:06:26 (2777 turns).

Spaninq the Digger (Ghoul Earth Elementalist)       Turns: 2777, Time: 00:06:26

Health: -3/28      AC:  7    Str: 11    XL:     3   Next: 79%
Magic:  5/5        EV: 11    Int: 11    God:    Yredelemnul [*.....]
Gold:   115        SH:  0    Dex:  9    Spells: 5/6 levels left

rFire    . . .     SeeInvis .   l - +0 demon blade (pain)
rCold    + . .     Faith    .   (no shield)
rNeg     + + +     Spirit   .   m - +0 leather armour
rPois    ∞         Reflect  .   (no helmet)
rElec    .         Harm     .   (no cloak)
rCorr    .         Rampage  .   (no gloves)
Will     .....                  (no boots)
Stlth    +.........             (no amulet)
HPRegen  0.00/turn              h - +4 ring of protection
MPRegen  0.09/turn              (no ring)

@: no status effects
A: claws 1, cold resistance 1, negative energy resistance 3, inhibited
regeneration, torment resistance 2
a: Renounce Religion, Animate Remains


You were on level 3 of the Dungeon.
You worshipped Yredelemnul.
Yredelemnul was aware of your devotion.
You visited 1 branch of the dungeon, and saw 3 of its levels.

You collected 115 gold pieces.

Inventory:

Hand Weapons
 l - a +0 demon blade of pain (weapon)
Missiles
 c - 67 stones
Armour
 m - a +0 leather armour (worn)
Jewellery
 h - a +4 ring of protection (left claw)
Wands
 i - a wand of charming (7)
Scrolls
 a - a scroll of amnesia {unknown}
 b - a scroll of vulnerability {unknown}
 e - a scroll of noise {unknown}
 f - 2 scrolls of teleportation {unknown}
 g - a scroll of enchant weapon {unknown}
 k - 2 scrolls of identify {unknown}
 n - a scroll of fog {unknown}
Potions
 d - 2 potions of heal wounds {unknown}
 j - a potion of ambrosia {unknown}


   Skills:
 + Level 1.3 Fighting
 * Level 0.7 Long Blades
 + Level 0.3 Armour
 - Level 1.9 Dodging
 - Level 2.1 Stealth
 - Level 1.7 Unarmed Combat
 - Level 2.0 Spellcasting
 - Level 0.8 Transmutations
 - Level 3.5 Earth Magic


You had 5 spell levels left.
You knew the following spells:

 Your Spells              Type           Power      Damage    Failure   Level
a - Sandblast             Erth           18%        2d7       9%          1

Your spell library contained the following spells:

 Spells                   Type           Power      Damage    Failure   Level
 Passwall                 Tmut/Erth      5%         N/A       24%         2
 Stone Arrow              Conj/Erth      10%        3d7       50%         3
 Gell's Gravitas          Tloc           0%         N/A       75%         3
 Lesser Beckoning         Tloc           0%         N/A       75%         3
 Teleport Other           Tloc           1%         N/A       75%         3
 Petrify                  Tmut/Erth      6%         N/A       83%         4


Dungeon Overview and Level Annotations

Branches:
Dungeon (3/15)

Altars:
Yredelemnul


Innate Abilities, Weirdness & Mutations

You thrive by killing the living.
You are immune to poison.
You have sharp fingernails.
Your flesh is cold resistant. (rC+)
You are immune to negative energy. (rN+++)
You do not regenerate when monsters are visible.
You are immune to unholy pain and torment.


Message History

The orc closely misses you.
You completely miss the orc.
The orc is moderately wounded.
The orc barely misses you.
You barely miss the orc.
The orc is moderately wounded.
The frilled lizard hisses angrily.
The orc barely misses you.
You riposte.
You barely miss the orc.
The orc is moderately wounded.
The orc closely misses you.
You hit the orc.
The orc is heavily wounded.
The orc priest calls down the wrath of Beogh upon you.
Beogh smites you!
Ouch! That really hurt!
The orc misses you.
You slash the orc!
You kill the orc!
Yredelemnul accepts your kill.
You feel better.
You closely miss the orc priest. The orc priest closely misses you. x2
You riposte.
You hit the orc priest.
The orc priest is lightly wounded.
You barely miss the orc priest.
The orc priest is lightly wounded.
The orc priest invokes the aid of Beogh against you.
Beogh smites you!
* * * LOW HITPOINT WARNING * * *
You slash the orc priest!
The orc priest is almost dead.
The orc priest begins to cast a cantrip, but forgets the words!
You barely miss the orc priest.
The orc priest is almost dead.
The orc priest barely misses you.
You barely miss the orc priest.
The orc priest is almost dead.
The orc priest invokes the aid of Beogh against you.
Beogh smites you!
You die...
Yredelemnul claims you as an undead slave.

###
.....#####
....l{o@.#
.....###.#
... #.# .
#<# #.#
#.# ..#
###


You could see an orc priest and a frilled lizard.

Vanquished Creatures
  An adder (D:2)
  A worm (D:2)
  A dart slug (D:1)
  An orc (D:3)
  3 ball pythons
  4 endoplasms
  A goblin (D:1)
  4 hobgoblins
  6 kobolds
  3 quokkas (D:1)
  5 bats
  3 frilled lizards (D:2)
  2 rats
35 creatures vanquished.

Notes
Turn   | Place    | Note
-------+----------+-------------------------------------------
     0 | D:1      | Spaninq the Ghoul Earth Elementalist began the quest for
                  | the Orb.
     0 | D:1      | Reached XP level 1. HP: 14/14 MP: 2/2
   387 | D:1      | Reached XP level 2. HP: 4/22 MP: 3/3
   388 | D:1      | Reached skill level 1 in Unarmed Combat
   956 | D:1      | Found a faded altar of an unknown god.
   965 | D:1      | Became a worshipper of Yredelemnul the Dark
   965 | D:1      | Reached * piety under Yredelemnul
  1448 | D:1      | Reached skill level 1 in Fighting
  1756 | D:2      | Reached XP level 3. HP: 24/28 MP: 5/5
  2777 | D:3      | Killed from afar by an orc priest

Illustrated notes

Levels and vault maps discovered:
D:1:      onia_arrival_mini_maze_b, layout_basic,
          hellmonk_ecumenical_altar_lost_god, minmay_misc_feat_ornament,
          minmay_pentomino_u4
D:2:      layout_basic
D:3:      layout_loops_cross, lightli_temple_of_fire

Skill      XL: |  1  2 |
---------------+-------+-----
Unarmed Combat | 1 |  1.7
Spellcasting   | 2 |  2.0
Fighting       | 1 |  1.3
Long Blades    | |  0.7
Armour         | |  0.3
Dodging        | |  1.9
Stealth        | |  2.1
Transmutations | |  0.8
Earth Magic    | |  3.5

Action                   || total
-------------------------++-------
Melee: Unarmed           ||    78
       Demon blade       ||    36
       Punch             ||     1
 Cast: Sandblast         ||     3
 Stab: Sleeping          ||     5
Armor: Robe              ||    22
       Leather armour    ||    12
Dodge: Dodged            ||    66
       Rpst.: Demon blade ||     2

Table legend: (Time is in decaauts)
 A = Elapsed time spent in this place.
 B = Non-inter-level travel time spent in this place.
 C = Inter-level travel time spent in this place.
 D = Time resting spent in this place.
 E = Time spent auto-exploring this place.
 F = Levels seen in this place.
 G = Mean time per level.
                   A        B        C        D        E       F      G
               +--------+--------+--------+--------+--------+-----+--------+
         Total |   2784 |   2473 |    311 |    167 |   1919 |   3 |  928.0 |
       Dungeon |   2784 |   2473 |    311 |    167 |   1919 |   3 |  928.0 |
               +--------+--------+--------+--------+--------+-----+--------+

Top non-repeatable levels by time:
     D:1: 1795 daAuts
     D:2: 966 daAuts
     D:3: 22 daAuts
